 Dungeon Crawl Stone Soup version 0.21.1-1-g345015f (webtiles) character file.

11 tidbits the Grave Robber (level 2, -2/20 HPs)
             Began as a Gnoll Necromancer on June 26, 2018.
             Slain by an adder (3 damage)
             ... on level 5 of the Dungeon.
             The game lasted 00:01:55 (192 turns).

tidbits the Grave Robber (Gnoll Necromancer)         Turns: 192, Time: 00:01:55

Health: -2/20      AC:  2    Str: 10    XL:     2   Next: 25%
Magic:  2/7        EV: 14    Int: 17    God:
Gold:   14         SH:  0    Dex: 15    Spells: 9/10 levels left

rFire    . . .     SeeInvis .   a - +0 dagger
rCold    . . .     Gourm    .   (no shield)
rNeg     . . .     Faith    .   d - +0 robe
rPois    .         Spirit   .   (no helmet)
rElec    .         Reflect  .   (no cloak)
rCorr    .         Harm     .   (no gloves)
MR       .....                  (no boots)
Stlth    +++.......             (no amulet)
HPRegen  0.06/turn              (no ring)
MPRegen  0.10/turn              (no ring)

@: no status effects
A: distributed training, fangs 1, strong nose
a: no special abilities


You were on level 5 of the Dungeon.
You were not hungry.

You visited 1 branch of the dungeon, and saw 5 of its levels.

You collected 14 gold pieces.

Inventory:

Hand Weapons
 a - a +0 dagger (weapon)
 h - a +0 hunting sling
Missiles
 f - 6 curare-tipped needles
 i - 15 stones (quivered)
Armour
 d - a +0 robe (worn)
Scrolls
 e - a scroll of enchant armour {unknown}
 g - a scroll of teleportation {unknown}
 k - a scroll of silence {unknown}
 l - a scroll of blinking {unknown}
Potions
 j - a potion of mutation {unknown}
Books
 b - a book of Necromancy

   Spells                             Type                      Level
   a - Pain                           Necromancy                   1
   b - Animate Skeleton               Necromancy                   1
   c - Vampiric Draining              Necromancy                   3
   d - Regeneration                   Charms/Necromancy            3
   e - Animate Dead                   Necromancy                   4
   f - Borgnjor's Vile Clutch         Necromancy/Earth             5
Comestibles
 c - 3 rations


   Skills:
 + Level 0.3 Fighting
 + Level 0.3 Short Blades
 + Level 0.3 Long Blades
 + Level 0.3 Axes
 + Level 0.3 Maces & Flails
 + Level 0.3 Polearms
 + Level 0.3 Staves
 + Level 0.3 Slings
 + Level 0.3 Bows
 + Level 0.3 Crossbows
 + Level 0.3 Throwing
 + Level 0.3 Armour
 + Level 4.4 Dodging
 + Level 4.0 Stealth
 + Level 0.3 Shields
 + Level 0.3 Unarmed Combat
 + Level 4.9 Spellcasting
 + Level 0.2 Conjurations
 + Level 0.2 Hexes
 + Level 0.2 Charms
 + Level 0.2 Summonings
 + Level 7.0 Necromancy
 + Level 0.2 Translocations
 + Level 0.2 Transmutations
 + Level 0.2 Fire Magic
 + Level 0.2 Ice Magic
 + Level 0.2 Air Magic
 + Level 0.2 Earth Magic
 + Level 0.2 Poison Magic
 + Level 0.4 Invocations
 + Level 0.3 Evocations


You had 9 spell levels left.
You knew the following spells:

 Your Spells              Type           Power        Failure   Level  Hunger
a - Pain                  Necr           ####         1%          1    None


Dungeon Overview and Level Annotations

Branches:
Dungeon (5/15)
 Temple: D:4-7

Altars:


Innate Abilities, Weirdness & Mutations

Your experience applies equally to all skills.
You have very sharp teeth.
Your uncanny sense of smell can sniff out nearby items.


Message History

The goblin shoots a stone.
The stone hits you.
* * * LOW HITPOINT WARNING * * *
You see here a stone.
Casting: Pain
Confirm with . or Enter, or press ? or * to list all spells.
Aiming: Pain
Press: ? - help, Shift-Dir - straight line, f - goblin
Aim: a goblin, wielding a hunting sling (chance to defeat MR: 93%)
The goblin writhes in agony!
You kill the goblin!
Items here: ( )) † a hunting sling; an uncursed club; 15 stones; a goblin corpse
h - a hunting sling;
i - 15 stones You see here 14 gold pieces.
You now have 14 gold pieces.
There is a stone staircase leading down here.
You climb downwards.
Found a ration.
There is a stone staircase leading up here.
Unknown command.
Found an escape hatch in the floor.
You see here a ration.
c - 3 rations (gained 1)
You open the door.
There is an escape hatch in the floor here.
You slide downwards.
The hatch slams shut behind you.
Found a coppery potion and a ration.
Unknown command.
An orc comes into view. It is wielding a hand axe.
The orc shouts!
You hear an angry hiss.
Found 14 gold pieces.
Unknown command.
Casting: Pain
Confirm with . or Enter, or press ? or * to list all spells.
Aiming: Pain
Press: ? - help, Shift-Dir - straight line, f - orc
Aim: an orc, wielding a hand axe (chance to defeat MR: 93%)
The orc writhes in agony!
Casting: Pain
Confirm with . or Enter, or press ? or * to list all spells.
Aiming: Pain
Press: ? - help, Shift-Dir - straight line, f/p - orc
Aim: an orc, wielding a hand axe (moderately wounded, chance to defeat MR: 93%)
The orc writhes in agony!
Casting: Pain
Confirm with . or Enter, or press ? or * to list all spells.
Aiming: Pain
Press: ? - help, Shift-Dir - straight line, f/p - orc
Aim: an orc, wielding a hand axe (almost dead, chance to defeat MR: 93%)
The orc writhes in agony!
You kill the orc!
A frilled lizard comes into view.
The frilled lizard hisses angrily.
Things that are here:
a hand axe; an orc corpse
Found a scroll labeled DIFYIN DOT.
Found 17 stones.
You see here a coppery potion.
Casting: Pain
Confirm with . or Enter, or press ? or * to list all spells.
Aiming: Pain
Press: ? - help, Shift-Dir - straight line, f - frilled lizard
Aim: a frilled lizard (chance to defeat MR: 93%)
The frilled lizard writhes in agony!
You kill the frilled lizard!
j - a coppery potion You see here a scroll labeled DIFYIN DOT.
k - a scroll labeled DIFYIN DOT
Found a scroll labeled QENILA BUOSTU.
Found a stone staircase leading down.
An adder comes into view.
You see here a scroll labeled QENILA BUOSTU.
l - a scroll labeled QENILA BUOSTU The adder hisses angrily.
Found a robe.
Casting: Pain
Confirm with . or Enter, or press ? or * to list all spells.
Aiming: Pain
Press: ? - help, Shift-Dir - straight line, f - adder
Aim: an adder (chance to defeat MR: 89%)
The adder writhes in agony!
Casting: Pain
Confirm with . or Enter, or press ? or * to list all spells.
Aiming: Pain
Press: ? - help, Shift-Dir - straight line, f/p - adder
Aim: an adder (lightly wounded, chance to defeat MR: 89%)
The adder writhes in agony!
Casting: Pain
Confirm with . or Enter, or press ? or * to list all spells.
Aiming: Pain
Press: ? - help, Shift-Dir - straight line, f/p - adder
Aim: an adder (heavily wounded, chance to defeat MR: 89%)
The adder barely resists.
Casting: Pain
Confirm with . or Enter, or press ? or * to list all spells.
Aiming: Pain
Press: ? - help, Shift-Dir - straight line, f/p - adder
Aim: an adder (heavily wounded, chance to defeat MR: 89%)
The adder barely resists.
The adder barely misses you. The adder bites you.
You die...

.......................
.......................
.....................#
...................#
...................#
..................#####
......................
.....................
............@S......
...................
###########.......
......[ ....... .......
....... #######


You could see an adder.

Vanquished Creatures
  2 orcs
  2 goblins
  2 hobgoblins (D:1)
  2 frilled lizards
  A kobold (D:1)
9 creatures vanquished.

Notes
Turn   | Place    | Note
-------+----------+-------------------------------------------
     0 | D:1      | tidbits the Gnoll Necromancer began the quest for the Orb.
     0 | D:1      | Reached XP level 1. HP: 13/13 MP: 6/6
    84 | D:3      | Reached XP level 2. HP: 9/19 MP: 0/7
   123 | D:3      | HP: 1/19 [goblin/stone (3)]
   155 | D:5      | Entered Level 5 of the Dungeon
   192 | D:5      | Slain by an adder

Action                   || total
-------------------------++-------
Melee: Dagger            ||     1
 Cast: Pain              ||    20
Dodge: Dodged            ||     2

Table legend:
 A = Turns spent in this place as a percentage of turns spent in the entire game.
 B = Non-inter-level travel turns spent in this place as a percentage of non-inter-level travel turns spent in the entire game.
 C = Inter-level travel turns spent in this place as a percentage of turns spent in this place.
 D = Turns resting spent in this place as a percentage of non-inter-level travel turns spent in this place.
 E = Turns spent auto-exploring this place as a percentage of non-inter-level travel turns spent in this place.
 F = Non-inter-level travel turns spent in this place divided by the number of levels of this place that you've seen.
                   A       B       C       D       E      F
               +-------+-------+-------+-------+-------+----------------------
         Total | 100.0 | 100.0 |   0.0 |   0.0 |   0.0 |  38.4
       Dungeon | 100.0 | 100.0 |   0.0 |   0.0 |   0.0 |  38.4
               +-------+-------+-------+-------+-------+----------------------

Table legend:
 A = Kills in this place as a percentage of kills in entire the game.
 B = Kills by you in this place as a percentage of kills by you in the entire game.
 C = Kills by friends in this place as a percentage of kills by friends in the entire game.
 D = Other kills in this place as a percentage of other kills in the entire game.
 E = Experience gained in this place as a percentage of experience gained in the entire game.
 F = Experience gained in this place divided by the number of levels of this place that you have seen.
                   A       B       C       D       E      F
               +-------+-------+-------+-------+-------+----------------------
         Total | 100.0 | 100.0 |   N/A |   N/A | 100.0 |   3.2
       Dungeon | 100.0 | 100.0 |   N/A |   N/A | 100.0 |   3.2
               +-------+-------+-------+-------+-------+----------------------

Vault maps used:
D:1:      dpeg_arrival_rhombus, hangedman_decor_push
D:2:      gammafunk_temple_overflow_pools, fiery_altar_vehumet, serial_forest,
          infiniplex_forest_corner_2, infiniplex_forest_straight_4,
          infiniplex_forest_lined_corner, infiniplex_forest_straight_4,
          infiniplex_forest_clump_long, infiniplex_forest_lined_4_way,
          infiniplex_forest_end_1, kennysheep_potato
D:4:      minmay_temple_entry_statues_pillars, first_ration, serial_shops, shop,
          tso_metal_star
